Quebec Nordiques vs Arizona Coyotes
Created - Thursday, April 3, 2025 at 10:42
Goals
|
| Quebec Nordiques |
1 |
2 |
1 |
4 |
| Arizona Coyotes |
1 |
0 |
1 |
2 |
|
Shots
|
| Quebec Nordiques |
3 |
16 |
14 |
33 |
| Arizona Coyotes |
20 |
13 |
15 |
48 |
|
1st period
1. Arizona Coyotes , Ryan Donato 16 (Mason McTavish 17) at 12:50
2. Quebec Nordiques , Marco Rossi 13 (Marc Staal 6, Cole Perfetti 20) at 19:52
Penalties :
Brayden McNabb (AZC) for Fighting (Major) at 0:44, Michael McCarron (QUE) for Fighting (Major) at 0:44
2nd period
3. Quebec Nordiques , Kirby Dach 5 (Cole Perfetti 21) at 2:03
4. Quebec Nordiques , Anthony Duclair 14 (Shane Pinto 28, Anthony Mantha 9) at 6:31
Penalties :
Erik Haula (AZC) for Tripping (Minor) at 3:13, Alexandre Carrier (QUE) for Holding Stick (Minor) at 3:24, Alexandre Carrier (QUE) for Hooking (Minor) at 7:22, Radko Gudas (AZC) for Holding Stick (Minor) at 13:48
3rd period
5. Quebec Nordiques , Cole Perfetti 25 (Marco Rossi 18) at 3:01
6. Arizona Coyotes , Mats Zuccarello 25 (Charlie Coyle 36) at 15:16 (PP)
Penalties :
Matt Dumba (AZC) for High sticking (Minor) at 8:16, Anthony Mantha (QUE) for Roughing (Minor) at 15:13
Goalie Stats
Joseph Woll (QUE), 46 saves from 48 shots - (0.958), W, 17-11-3, 60:00 minutes
Jacob Markstrom (AZC), 8 saves from 11 shots - (0.727), L, 11-15-2, 26:31 minutes
Elvis Merzlikins (AZC), 21 saves from 22 shots - (0.955), 33:29 minutes
Players Stats for Quebec Nordiques
Player Name G A P +/- PIM S H SB GA TA FO MP PP MP PK MP
------------------------------------------------------------------------------------
Alexandre Carrier 0 0 0 1 4 5 2 1 1 0 0/0 23:06 1:50 0:03
Anthony Duclair 1 0 1 1 0 5 2 1 1 0 0/1 16:57 2:11 0:01
Anthony Mantha 0 1 1 1 2 0 1 0 0 1 0/2 16:56 2:11 0:00
Cole Perfetti 1 2 3 2 0 5 0 0 0 0 0/0 16:19 1:58 0:00
Connor Brown 0 0 0 0 0 1 0 0 0 0 0/0 12:00 0:00 1:14
J.J. Moser 0 0 0 1 0 1 3 6 0 2 0/0 25:02 2:18 1:35
Jonas Siegenthaler 0 0 0 0 0 2 0 1 1 0 0/0 17:41 0:00 0:49
Jonatan Berggren 0 0 0 0 0 1 0 2 1 0 0/1 12:41 0:00 0:00
Jordan Greenway 0 0 0 0 0 2 3 0 1 0 0/0 13:57 0:00 0:58
Kirby Dach 1 0 1 2 0 3 4 1 1 0 0/0 16:26 1:58 0:00
Luke Kunin 0 0 0 0 0 0 1 0 0 0 4/7 12:39 0:00 1:14
Marc Staal 0 1 1 2 0 1 0 1 0 3 0/0 14:45 0:00 0:00
Marco Rossi 1 1 2 2 0 2 1 0 0 1 12/23 17:18 1:58 0:01
Michael Anderson 0 0 0 0 0 1 1 0 0 1 0/0 19:47 2:18 1:24
Michael McCarron 0 0 0 0 5 1 1 0 0 1 5/11 12:55 0:00 0:58
Shane Pinto 0 1 1 1 0 1 0 0 1 2 10/17 17:55 2:11 0:00
Simon Nemec 0 0 0 2 0 0 0 0 0 2 0/0 18:34 1:51 0:35
Zach Benson 0 0 0 0 0 2 2 0 1 0 0/0 10:57 0:00 0:00
Players Stats for Arizona Coyotes
Player Name G A P +/- PIM S H SB GA TA FO MP PP MP PK MP
------------------------------------------------------------------------------------
Brayden McNabb 0 0 0 -2 5 0 0 2 0 0 0/0 10:30 0:00 0:00
Charlie Coyle 0 1 1 -1 0 4 2 0 1 1 13/22 19:50 0:30 1:56
Erik Haula 0 0 0 -2 2 3 1 0 0 0 5/8 11:54 0:11 0:00
Jani Hakanpaa 0 0 0 -1 0 1 3 1 0 1 0/0 22:42 0:49 2:18
Jared Spurgeon 0 0 0 0 0 5 2 2 0 0 0/0 27:05 1:24 2:17
Kiefer Sherwood 0 0 0 0 0 2 0 0 0 0 0/0 9:29 0:00 0:00
Mark Jankowski 0 0 0 0 0 1 0 0 1 0 0/0 8:42 0:00 0:00
Mason McTavish 0 1 1 0 0 6 1 1 3 0 8/14 20:41 1:43 2:04
Mats Zuccarello 1 0 1 -1 0 7 1 1 2 2 1/5 20:26 0:41 2:04
Matt Dumba 0 0 0 -1 2 3 1 2 0 0 0/0 19:56 0:49 1:10
Mike Hoffman 0 0 0 0 0 4 0 0 2 0 1/5 8:20 0:00 0:00
Nick Seeler 0 0 0 -2 0 1 3 2 0 1 0/0 12:52 0:00 1:15
Ondrej Palat 0 0 0 -2 0 0 1 0 0 1 1/1 10:50 0:00 0:09
Radko Gudas 0 0 0 0 2 1 2 3 1 2 0/0 26:14 1:24 1:18
Ross Colton 0 0 0 -2 0 1 1 0 1 0 1/1 10:34 0:00 0:00
Ryan Donato 1 0 1 0 0 4 3 0 2 0 1/1 16:58 1:32 0:09
Tyler Bertuzzi 0 0 0 0 0 2 0 0 0 0 0/2 16:50 1:32 0:00
Tyler Seguin 0 0 0 -1 0 3 4 0 0 0 0/3 20:06 0:30 1:56
3 Stars
1 - Joseph Woll (QUE)
2 - Cole Perfetti (QUE)
3 - Marco Rossi (QUE)
Power Play
Quebec Nordiques - 0 on 3 Attempt(s) - 0.00%
Arizona Coyotes - 1 on 3 Attempt(s) - 33.33%
Penalty Kill
Quebec Nordiques - 2 on 3 Attempt(s) - 66.67%
- Score 0 goal in Penalty Kill
Arizona Coyotes - 3 on 3 Attempt(s) - 100.00%
- Score 0 goal in Penalty Kill
Team Stat
Quebec Nordiques - Hits : 21 - Faceoff Wins : 31 - Blocked Shots : 13 - Penalty Minutes : 11
Arizona Coyotes - Hits : 25 - Faceoff Wins : 31 - Blocked Shots : 14 - Penalty Minutes : 11
Official
Referees : Brandon Schrader and Kelly Sutherland
Linesman : CJ Murray and Tommy Hughes
Game Notes
Michael McCarron beats up Brayden McNabb at 0:44 of 1st period
Elvis Merzlikins enters game at 6:31 of 2nd period
Finance
Level 1 -- Attendance: 6000 (100.00%) -- Ticket Income $540,000
Level 2 -- Attendance: 4612 (92.24%) -- Ticket Income $262,884
Level 3 -- Attendance: 3000 (100.00%) -- Ticket Income $96,000
Level 4 -- Attendance: 4670 (93.40%) -- Ticket Income $102,740
Luxury Box -- Attendance: 887 (88.70%) -- Ticket Income $170,304
Game was played at the Gila River Arena.
Total Attendance: 19169 (95.85%)
Total Ticket Income: $1,171,928
Other Income: $410,175
Total Income: $1,582,103
Quebec Nordiques
5 vs 5 Forward
Center Left Wing Right Wing Time % Phy DF OF
1 Shane Pinto Anthony Mantha Anthony Duclair 30 1 2 2
2 Marco Rossi Cole Perfetti Kirby Dach 30 1 2 2
3 Michael McCarron Jonatan Berggren Jordan Greenway 25 1 2 2
4 Luke Kunin Connor Brown Zach Benson 15 1 2 2
5 vs 5 Defense
Defense Defense Time % Phy DF OF
1 J.J. Moser Michael Anderson 30 1 2 2
2 Jonas Siegenthaler Alexandre Carrier 30 1 2 2
3 Simon Nemec Marc Staal 25 1 2 2
4 J.J. Moser Alexandre Carrier 15 1 2 2
PowerPlay Forward
Center Left Wing Right Wing Time % Phy DF OF
1 Shane Pinto Anthony Mantha Anthony Duclair 50 1 2 2
2 Marco Rossi Cole Perfetti Kirby Dach 50 1 2 2
PowerPlay Defense
Defense Defense Time % Phy DF OF
1 J.J. Moser Michael Anderson 50 1 2 2
2 Simon Nemec Alexandre Carrier 50 1 2 2
Penalty Kill 4 Players Forward
Center Wing Time % Phy DF OF
1 Michael McCarron Jordan Greenway 50 1 2 2
2 Luke Kunin Connor Brown 50 1 2 2
Penalty Kill 4 Players Defense
Defense Defense Time % Phy DF OF
1 Michael Anderson J.J. Moser 50 1 2 2
2 Jonas Siegenthaler Alexandre Carrier 50 1 2 2
Penalty Kill - 3 Players Forward
Forward Time % Phy DF OF
1 Michael McCarron 50 1 2 2
2 Luke Kunin 50 1 2 2
Penalty Kill - 3 Players Defense
Defense Defense Time % Phy DF OF
1 J.J. Moser Michael Anderson 50 1 2 2
2 Jonas Siegenthaler Alexandre Carrier 50 1 2 2
4 vs 4 Forward
Center Wing Time % Phy DF OF
1 Shane Pinto Anthony Mantha 50 1 2 2
2 Marco Rossi Anthony Duclair 50 1 2 2
4 vs 4 Defense
Defense Defense Time % Phy DF OF
1 J.J. Moser Michael Anderson 50 1 2 2
2 Jonas Siegenthaler Alexandre Carrier 50 1 2 2
Last Minutes Offensive
Center Left Wing Right Wing Defense Defense
Shane Pinto Anthony Mantha Anthony Duclair J.J. Moser Alexandre Carrier
Last Minutes Defensive
Center Left Wing Right Wing Defense Defense
Michael McCarron Jordan Greenway Connor Brown J.J. Moser Alexandre Carrier
Goaltenders
Starting : Joseph Woll
Backup : Lukas Dostal
Extra Forwards
Normal : Jordan Greenway, Jonatan Berggren, Zach Benson - PP : Jonatan Berggren, Zach Benson - PK : Zach Benson
Extra Defensemen
Normal : Simon Nemec, Michael Anderson, J.J. Moser - PP : Jonas Siegenthaler - PK : Simon Nemec, Marc Staal
Penalty Shots
Kirby Dach, Anthony Duclair, Anthony Mantha, Shane Pinto, Marco Rossi
Scratches
Jakub Voracek (Healthy), Rem Pitlick (Healthy), Justin Holl (Healthy)
Arizona Coyotes
5 vs 5 Forward
Center Left Wing Right Wing Time % Phy DF OF
1 Charlie Coyle Mats Zuccarello Tyler Seguin 40 1 2 2
2 Mason McTavish Ryan Donato Tyler Bertuzzi 30 1 2 2
3 Erik Haula Ross Colton Ondrej Palat 20 1 2 2
4 Mike Hoffman Mark Jankowski Kiefer Sherwood 10 1 2 2
5 vs 5 Defense
Defense Defense Time % Phy DF OF
1 Jared Spurgeon Radko Gudas 40 1 2 2
2 Jani Hakanpaa Matt Dumba 35 1 2 2
3 Brayden McNabb Nick Seeler 20 1 2 2
4 Jared Spurgeon Radko Gudas 5 1 2 2
PowerPlay Forward
Center Left Wing Right Wing Time % Phy DF OF
1 Charlie Coyle Mats Zuccarello Tyler Seguin 50 1 2 2
2 Mason McTavish Ryan Donato Tyler Bertuzzi 50 1 2 2
PowerPlay Defense
Defense Defense Time % Phy DF OF
1 Jared Spurgeon Radko Gudas 50 1 2 2
2 Jani Hakanpaa Matt Dumba 50 1 2 2
Penalty Kill 4 Players Forward
Center Wing Time % Phy DF OF
1 Charlie Coyle Tyler Seguin 50 1 2 2
2 Mats Zuccarello Mason McTavish 50 1 2 2
Penalty Kill 4 Players Defense
Defense Defense Time % Phy DF OF
1 Jared Spurgeon Radko Gudas 50 1 2 2
2 Jani Hakanpaa Matt Dumba 50 1 2 2
Penalty Kill - 3 Players Forward
Forward Time % Phy DF OF
1 Charlie Coyle 50 1 2 2
2 Tyler Seguin 50 1 2 2
Penalty Kill - 3 Players Defense
Defense Defense Time % Phy DF OF
1 Jared Spurgeon Radko Gudas 50 1 2 2
2 Jani Hakanpaa Matt Dumba 50 1 2 2
4 vs 4 Forward
Center Wing Time % Phy DF OF
1 Charlie Coyle Tyler Seguin 50 1 2 2
2 Mats Zuccarello Mason McTavish 50 1 2 2
4 vs 4 Defense
Defense Defense Time % Phy DF OF
1 Jared Spurgeon Radko Gudas 50 1 2 2
2 Jani Hakanpaa Matt Dumba 50 1 2 2
Last Minutes Offensive
Center Left Wing Right Wing Defense Defense
Charlie Coyle Mats Zuccarello Tyler Seguin Jared Spurgeon Radko Gudas
Last Minutes Defensive
Center Left Wing Right Wing Defense Defense
Charlie Coyle Mats Zuccarello Tyler Seguin Jared Spurgeon Radko Gudas
Goaltenders
Starting : Jacob Markstrom
Backup : Elvis Merzlikins
Extra Forwards
Normal : Erik Haula, Ross Colton, Ondrej Palat - PP : Erik Haula, Ross Colton - PK : Ondrej Palat
Extra Defensemen
Normal : Brayden McNabb, Nick Seeler, Jani Hakanpaa - PP : Brayden McNabb - PK : Nick Seeler, Jani Hakanpaa
Penalty Shots
Charlie Coyle, Tyler Seguin, Mats Zuccarello, Mason McTavish, Ryan Donato
Scratches
Anthony Deangelo (Healthy), Arturs Silovs (Healthy)
% Time on Ice - Quebec Nordiques
Lines # - Real PCT - Wanted PCT - Time Play
Normal Forward
1 - 26% - 30% - 13:36
2 - 31% - 30% - 16:07
3 - 24% - 25% - 12:39
4 - 18% - 15% - 9:28
Normal Defense
1 - 30% - 30% - 15:37
2 - 32% - 30% - 16:20
3 - 26% - 25% - 13:43
4 - 12% - 15% - 6:10
PP Forward
1 - 53% - 50% - 2:11
2 - 47% - 50% - 1:58
PP Defense
1 - 55% - 50% - 2:18
2 - 45% - 50% - 1:51
PK Forward
1 - 44% - 50% - 0:58
2 - 56% - 50% - 1:15
PK Defense
1 - 63% - 50% - 1:24
2 - 37% - 50% - 0:49
PK3 Forward
1 - 0% - 50%
2 - 0% - 50%
PK3 Defense
1 - 0% - 50%
2 - 0% - 50%
44 Forward
1 - 55% - 50% - 0:59
2 - 45% - 50% - 0:49
44 Defense
1 - 56% - 50% - 1:00
2 - 44% - 50% - 0:48
Last Minute Offensive - 0:00
Last Minute Defensive - 0:00
Total
Forward - 60:00
Defense - 60:00
|
% Time on Ice - Arizona Coyotes
Lines # - Real PCT - Wanted PCT - Time Play
Normal Forward
1 - 33% - 40% - 17:18
2 - 33% - 30% - 16:56
3 - 18% - 20% - 9:31
4 - 16% - 10% - 8:05
Normal Defense
1 - 42% - 40% - 21:33
2 - 36% - 35% - 18:38
3 - 21% - 20% - 10:44
4 - 2% - 5% - 0:55
PP Forward
1 - 23% - 50% - 0:30
2 - 77% - 50% - 1:43
PP Defense
1 - 63% - 50% - 1:24
2 - 37% - 50% - 0:49
PK Forward
1 - 47% - 50% - 1:56
2 - 53% - 50% - 2:13
PK Defense
1 - 45% - 50% - 1:52
2 - 55% - 50% - 2:17
PK3 Forward
1 - 0% - 50%
2 - 0% - 50%
PK3 Defense
1 - 0% - 50%
2 - 0% - 50%
44 Forward
1 - 57% - 50% - 1:02
2 - 43% - 50% - 0:46
44 Defense
1 - 49% - 50% - 0:53
2 - 51% - 50% - 0:55
Last Minute Offensive - 0:00
Last Minute Defensive - 0:00
Total
Forward - 60:00
Defense - 60:00
|
Play-by-Play
1st period
0:01 of 1st period - Shane Pinto wins face-off versus Mats Zuccarello in neutral zone.
0:10 of 1st period - Snap shot by Anthony Duclair.
0:10 of 1st period - Shot Misses the Net.
0:12 of 1st period - Snap shot by J.J. Moser.
0:12 of 1st period - Deflect By Anthony Duclair.
0:12 of 1st period - Shot Blocked by Radko Gudas.
0:12 of 1st period - Puck is out of play.
0:13 of 1st period - Marco Rossi wins face-off versus Mason McTavish in Arizona Coyotes zone.
0:20 of 1st period - Snap shot by Mason McTavish.
0:20 of 1st period - Stopped by Joseph Woll with a rebound.
0:22 of 1st period - Snap shot by Matt Dumba.
0:22 of 1st period - Stopped by Joseph Woll without a rebound.
0:23 of 1st period - Marco Rossi wins face-off versus Mason McTavish in Quebec Nordiques zone.
0:23 of 1st period - Marco Rossi is hit by Matt Dumba.
0:37 of 1st period - Snap shot by Ryan Donato.
0:37 of 1st period - Stopped by Joseph Woll without a rebound.
0:38 of 1st period - Michael McCarron wins face-off versus Erik Haula in Quebec Nordiques zone.
0:44 of 1st period - Michael McCarron beats up Brayden McNabb.
0:44 of 1st period - Penalty to Brayden McNabb for Fighting.
0:44 of 1st period - Penalty to Michael McCarron for Fighting.
0:45 of 1st period - Luke Kunin wins face-off versus Charlie Coyle in Arizona Coyotes zone.
1:10 of 1st period - J.J. Moser is hit by Jared Spurgeon.
1:21 of 1st period - Icing by Jani Hakanpaa.
1:22 of 1st period - Shane Pinto wins face-off versus Mike Hoffman in Arizona Coyotes zone.
1:33 of 1st period - Wrist shot by Mike Hoffman.
1:33 of 1st period - Stopped by Joseph Woll with a rebound.
1:35 of 1st period - Wrist shot by Nick Seeler.
1:35 of 1st period - Stopped by Joseph Woll with a rebound.
2:00 of 1st period - Marc Staal is hit by Jani Hakanpaa and loses puck.
3:03 of 1st period - Snap shot by Mike Hoffman.
3:03 of 1st period - Stopped by Joseph Woll with a rebound.
4:07 of 1st period - Snap shot by Kiefer Sherwood.
4:07 of 1st period - Stopped by Joseph Woll without a rebound.
4:08 of 1st period - Charlie Coyle wins face-off versus Marco Rossi in Quebec Nordiques zone.
4:58 of 1st period - Connor Brown is hit by Radko Gudas and loses puck.
5:15 of 1st period - Connor Brown is hit by Charlie Coyle and loses puck.
5:54 of 1st period - Radko Gudas is hit by Kirby Dach.
5:58 of 1st period - Jared Spurgeon is hit by Kirby Dach and loses puck.
6:13 of 1st period - Jordan Greenway is hit by Tyler Seguin and loses puck.
6:24 of 1st period - Jordan Greenway is hit by Ryan Donato and loses puck.
9:27 of 1st period - Charlie Coyle is hit by J.J. Moser and loses puck.
12:08 of 1st period - Jani Hakanpaa is hit by Luke Kunin and loses puck.
12:24 of 1st period - Brayden McNabb is hit by Zach Benson and loses puck.
12:33 of 1st period - Zach Benson is hit by Erik Haula and loses puck.
12:42 of 1st period - Wrist shot by Tyler Seguin.
12:42 of 1st period - Shot Misses the Net.
12:44 of 1st period - Wrist shot by Mats Zuccarello.
12:44 of 1st period - Shot Misses the Net.
12:46 of 1st period - Slapshot by Jani Hakanpaa.
12:46 of 1st period - Deflect By Mats Zuccarello.
12:46 of 1st period - Shot Misses the Net.
12:46 of 1st period - Puck is out of play.
12:47 of 1st period - Mason McTavish wins face-off versus Marco Rossi in Quebec Nordiques zone.
12:50 of 1st period - Snap shot by Ryan Donato.
12:50 of 1st period - Goal by Ryan Donato - Quebec Nordiques : 0 - Arizona Coyotes : 1.
12:51 of 1st period - Marco Rossi wins face-off versus Tyler Bertuzzi in neutral zone.
13:41 of 1st period - Marc Staal is hit by Tyler Seguin and loses puck.
13:52 of 1st period - Wrist shot by Cole Perfetti.
13:52 of 1st period - Shot Blocked by Brayden McNabb.
13:54 of 1st period - Wrist shot by Kirby Dach.
13:54 of 1st period - Shot Misses the Net.
14:42 of 1st period - Jonatan Berggren is hit by Tyler Seguin and loses puck.
15:10 of 1st period - Snap shot by Anthony Duclair.
15:10 of 1st period - Shot Blocked by Radko Gudas.
15:24 of 1st period - Wrist shot by Erik Haula.
15:24 of 1st period - Stopped by Joseph Woll without a rebound.
15:25 of 1st period - Erik Haula wins face-off versus Michael McCarron in Quebec Nordiques zone.
15:34 of 1st period - Snap shot by Erik Haula.
15:34 of 1st period - Stopped by Joseph Woll with a rebound.
15:36 of 1st period - Wrist shot by Ondrej Palat.
15:36 of 1st period - Shot Blocked by Jonatan Berggren.
15:38 of 1st period - Wrist shot by Ross Colton.
15:38 of 1st period - Stopped by Joseph Woll with a rebound.
15:50 of 1st period - Snap shot by Mats Zuccarello.
15:50 of 1st period - Shot Blocked by Jonas Siegenthaler.
16:14 of 1st period - Anthony Mantha is hit by Nick Seeler and loses puck.
16:25 of 1st period - Mike Hoffman is hit by Anthony Duclair and loses puck.
17:16 of 1st period - Wrist shot by Mats Zuccarello.
17:16 of 1st period - Stopped by Joseph Woll with a rebound.
17:28 of 1st period - Wrist shot by Kirby Dach.
17:28 of 1st period - Stopped by Jacob Markstrom without a rebound.
17:29 of 1st period - Ryan Donato wins face-off versus Luke Kunin in Arizona Coyotes zone.
17:38 of 1st period - Connor Brown is hit by Mason McTavish and loses puck.
17:43 of 1st period - Snap shot by Mason McTavish.
17:43 of 1st period - Stopped by Joseph Woll with a rebound.
17:51 of 1st period - Wrist shot by Ryan Donato.
17:51 of 1st period - Shot Misses the Net.
17:53 of 1st period - Slapshot by Matt Dumba.
17:53 of 1st period - Stopped by Joseph Woll with a rebound.
17:55 of 1st period - Wrist shot by Tyler Bertuzzi.
17:55 of 1st period - Shot Blocked by J.J. Moser.
17:57 of 1st period - Snap shot by Matt Dumba.
17:57 of 1st period - Deflect By J.J. Moser.
17:57 of 1st period - Stopped by Joseph Woll without a rebound.
17:58 of 1st period - Charlie Coyle wins face-off versus Marco Rossi in Quebec Nordiques zone.
18:49 of 1st period - Wrist shot by Jonatan Berggren.
18:49 of 1st period - Shot Blocked by Radko Gudas.
19:04 of 1st period - Off-side.
19:05 of 1st period - Luke Kunin wins face-off versus Mike Hoffman in neutral zone.
19:12 of 1st period - Snap shot by Mark Jankowski.
19:12 of 1st period - Shot Blocked by J.J. Moser.
19:14 of 1st period - Snap shot by Mike Hoffman.
19:14 of 1st period - Stopped by Joseph Woll with a rebound.
19:16 of 1st period - Snap shot by Jani Hakanpaa.
19:16 of 1st period - Shot Misses the Net.
19:18 of 1st period - Snap shot by Mike Hoffman.
19:18 of 1st period - Stopped by Joseph Woll with a rebound.
19:20 of 1st period - Snap shot by Kiefer Sherwood.
19:20 of 1st period - Stopped by Joseph Woll with a rebound.
19:32 of 1st period - Snap shot by Ryan Donato.
19:32 of 1st period - Shot Blocked by J.J. Moser.
19:34 of 1st period - Wrist shot by Mason McTavish.
19:34 of 1st period - Stopped by Joseph Woll with a rebound.
19:36 of 1st period - Snap shot by Mason McTavish.
19:36 of 1st period - Stopped by Joseph Woll without a rebound.
19:37 of 1st period - Marco Rossi wins face-off versus Mason McTavish in Quebec Nordiques zone.
19:37 of 1st period - Cole Perfetti is hit by Ryan Donato and loses puck.
19:46 of 1st period - Slapshot by Marco Rossi.
19:46 of 1st period - Deflect By Tyler Bertuzzi.
19:46 of 1st period - Shot Misses the Net.
19:46 of 1st period - Puck is out of play.
19:47 of 1st period - Marco Rossi wins face-off versus Tyler Seguin in Arizona Coyotes zone.
19:48 of 1st period - Slapshot by Cole Perfetti.
19:48 of 1st period - Shot Misses the Net.
19:50 of 1st period - Backhand shot by Marc Staal.
19:50 of 1st period - Stopped by Jacob Markstrom with a rebound.
19:52 of 1st period - Snap shot by Marco Rossi.
19:52 of 1st period - Goal by Marco Rossi - Quebec Nordiques : 1 - Arizona Coyotes : 1.
19:53 of 1st period - Shane Pinto wins face-off versus Charlie Coyle in neutral zone.
19:56 of 1st period - Snap shot by Shane Pinto.
19:56 of 1st period - Shot Misses the Net.
Goals for this period are 1 for Quebec Nordiques vs 1 for Arizona Coyotes.
Shots for this period are 3 for Quebec Nordiques vs 20 for Arizona Coyotes.
2nd period
0:01 of 2nd period - Shane Pinto wins face-off versus Tyler Seguin in neutral zone.
0:15 of 2nd period - Snap shot by Charlie Coyle.
0:15 of 2nd period - Stopped by Joseph Woll with a rebound.
0:21 of 2nd period - Jonas Siegenthaler is hit by Mats Zuccarello and loses puck.
0:48 of 2nd period - Wrist shot by Anthony Mantha.
0:48 of 2nd period - Shot Misses the Net.
0:50 of 2nd period - Slapshot by Alexandre Carrier.
0:50 of 2nd period - Shot Blocked by Jared Spurgeon.
0:52 of 2nd period - Slapshot by Alexandre Carrier.
0:52 of 2nd period - Shot Misses the Net.
0:54 of 2nd period - Slapshot by Alexandre Carrier.
0:54 of 2nd period - Deflect By Shane Pinto.
0:54 of 2nd period - Stopped by Jacob Markstrom without a rebound.
0:55 of 2nd period - Mason McTavish wins face-off versus Marco Rossi in Arizona Coyotes zone.
1:10 of 2nd period - Wrist shot by Ryan Donato.
1:10 of 2nd period - Shot Blocked by Kirby Dach.
1:22 of 2nd period - Wrist shot by Zach Benson.
1:22 of 2nd period - Stopped by Jacob Markstrom with a rebound.
1:24 of 2nd period - Slapshot by Luke Kunin.
1:24 of 2nd period - Shot Blocked by Matt Dumba.
1:26 of 2nd period - Slapshot by Connor Brown.
1:26 of 2nd period - Stopped by Jacob Markstrom with a rebound.
1:49 of 2nd period - Snap shot by Jordan Greenway.
1:49 of 2nd period - Shot Blocked by Brayden McNabb.
1:51 of 2nd period - Slapshot by Marc Staal.
1:51 of 2nd period - Deflect By Jordan Greenway.
1:51 of 2nd period - Stopped by Jacob Markstrom with a rebound.
1:53 of 2nd period - Snap shot by Jordan Greenway.
1:53 of 2nd period - Stopped by Jacob Markstrom without a rebound.
1:54 of 2nd period - Ondrej Palat wins face-off versus Marco Rossi in Arizona Coyotes zone.
2:01 of 2nd period - Snap shot by Cole Perfetti.
2:01 of 2nd period - Shot Misses the Net.
2:03 of 2nd period - Wrist shot by Kirby Dach.
2:03 of 2nd period - Goal by Kirby Dach - Quebec Nordiques : 2 - Arizona Coyotes : 1.
2:04 of 2nd period - Marco Rossi wins face-off versus Charlie Coyle in neutral zone.
2:19 of 2nd period - Snap shot by Mats Zuccarello.
2:19 of 2nd period - Stopped by Joseph Woll with a rebound.
2:31 of 2nd period - Radko Gudas is hit by Jordan Greenway and loses puck.
2:40 of 2nd period - Wrist shot by Tyler Bertuzzi.
2:40 of 2nd period - Shot Misses the Net.
2:42 of 2nd period - Wrist shot by Mason McTavish.
2:42 of 2nd period - Shot Misses the Net.
3:13 of 2nd period - Minor Penalty to Erik Haula for Tripping.
3:14 of 2nd period - Charlie Coyle wins face-off versus Shane Pinto in Arizona Coyotes zone.
3:24 of 2nd period - Minor Penalty to Alexandre Carrier for Holding Stick.
3:25 of 2nd period - Shane Pinto wins face-off versus Charlie Coyle in Quebec Nordiques zone.
3:25 of 2nd period - Shane Pinto is hit by Tyler Seguin.
3:29 of 2nd period - Off-side.
3:30 of 2nd period - Charlie Coyle wins face-off versus Shane Pinto in neutral zone.
3:35 of 2nd period - Slapshot by Charlie Coyle.
3:35 of 2nd period - Stopped by Joseph Woll with a rebound.
3:42 of 2nd period - Off-side.
3:43 of 2nd period - Marco Rossi wins face-off versus Mats Zuccarello in neutral zone.
4:09 of 2nd period - Jani Hakanpaa is hit by Anthony Mantha and loses puck.
4:18 of 2nd period - Snap shot by Shane Pinto.
4:18 of 2nd period - Shot Misses the Net.
4:32 of 2nd period - Snap shot by Jared Spurgeon.
4:32 of 2nd period - Shot Blocked by Anthony Duclair.
5:13 of 2nd period - Penalty to Erik Haula is over, Erik Haula is back on ice.
5:24 of 2nd period - Penalty to Alexandre Carrier is over, Alexandre Carrier is back on ice.
5:56 of 2nd period - Wrist shot by Luke Kunin.
5:56 of 2nd period - Deflect By Alexandre Carrier.
5:56 of 2nd period - Stopped by Jacob Markstrom without a rebound.
5:57 of 2nd period - Michael McCarron wins face-off versus Mike Hoffman in Arizona Coyotes zone.
6:09 of 2nd period - Jared Spurgeon is hit by Michael McCarron and loses puck.
6:31 of 2nd period - Slapshot by Anthony Duclair.
6:31 of 2nd period - Goal by Anthony Duclair - Quebec Nordiques : 3 - Arizona Coyotes : 1.
6:31 of 2nd period - Elvis Merzlikins enters game.
6:32 of 2nd period - Marco Rossi wins face-off versus Mike Hoffman in neutral zone.
6:39 of 2nd period - Off-side.
6:40 of 2nd period - Mike Hoffman wins face-off versus Marco Rossi in neutral zone.
7:01 of 2nd period - Slapshot by Mark Jankowski.
7:01 of 2nd period - Stopped by Joseph Woll with a rebound.
7:22 of 2nd period - Minor Penalty to Alexandre Carrier for Hooking.
7:23 of 2nd period - Charlie Coyle wins face-off versus Luke Kunin in Quebec Nordiques zone.
7:27 of 2nd period - Slapshot by Tyler Seguin.
7:27 of 2nd period - Stopped by Joseph Woll with a rebound.
7:29 of 2nd period - Snap shot by Charlie Coyle.
7:29 of 2nd period - Stopped by Joseph Woll without a rebound.
7:30 of 2nd period - Luke Kunin wins face-off versus Charlie Coyle in Quebec Nordiques zone.
7:30 of 2nd period - Luke Kunin is hit by Jani Hakanpaa.
7:57 of 2nd period - Off-side.
7:58 of 2nd period - Mason McTavish wins face-off versus Michael McCarron in neutral zone.
9:18 of 2nd period - Snap shot by Jared Spurgeon.
9:18 of 2nd period - Stopped by Joseph Woll with a rebound.
9:20 of 2nd period - Snap shot by Jared Spurgeon.
9:20 of 2nd period - Shot Misses the Net.
9:22 of 2nd period - Penalty to Alexandre Carrier is over, Alexandre Carrier is back on ice.
9:42 of 2nd period - Wrist shot by Tyler Bertuzzi.
9:42 of 2nd period - Shot Misses the Net.
9:44 of 2nd period - Slapshot by Jared Spurgeon.
9:44 of 2nd period - Stopped by Joseph Woll without a rebound.
9:45 of 2nd period - Charlie Coyle wins face-off versus Shane Pinto in Quebec Nordiques zone.
10:36 of 2nd period - Simon Nemec is hit by Nick Seeler and loses puck.
10:53 of 2nd period - Wrist shot by Cole Perfetti.
10:53 of 2nd period - Stopped by Elvis Merzlikins without a rebound.
10:54 of 2nd period - Charlie Coyle wins face-off versus Marco Rossi in Arizona Coyotes zone.
11:01 of 2nd period - Backhand shot by Charlie Coyle.
11:01 of 2nd period - Deflect By Mats Zuccarello.
11:01 of 2nd period - Stopped by Joseph Woll with a rebound.
11:21 of 2nd period - Michael Anderson is hit by Ondrej Palat and loses puck.
11:31 of 2nd period - Icing by J.J. Moser.
11:32 of 2nd period - Mats Zuccarello wins face-off versus Michael McCarron in Quebec Nordiques zone.
11:33 of 2nd period - Snap shot by Charlie Coyle.
11:33 of 2nd period - Stopped by Joseph Woll with a rebound.
11:35 of 2nd period - Slapshot by Jani Hakanpaa.
11:35 of 2nd period - Shot Misses the Net.
11:37 of 2nd period - Snap shot by Mats Zuccarello.
11:37 of 2nd period - Stopped by Joseph Woll without a rebound.
11:38 of 2nd period - Charlie Coyle wins face-off versus Anthony Mantha in Quebec Nordiques zone.
12:11 of 2nd period - Wrist shot by Anthony Mantha.
12:11 of 2nd period - Deflect By Charlie Coyle.
12:11 of 2nd period - Shot Misses the Net.
12:11 of 2nd period - Puck is out of play.
12:12 of 2nd period - Mason McTavish wins face-off versus Michael McCarron in Arizona Coyotes zone.
12:21 of 2nd period - Snap shot by Ryan Donato.
12:21 of 2nd period - Stopped by Joseph Woll with a rebound.
12:24 of 2nd period - Icing by J.J. Moser.
12:25 of 2nd period - Mason McTavish wins face-off versus Michael McCarron in Quebec Nordiques zone.
12:56 of 2nd period - Wrist shot by Anthony Duclair.
12:56 of 2nd period - Deflect By Shane Pinto.
12:56 of 2nd period - Shot Misses the Net.
12:56 of 2nd period - Puck is out of play.
12:57 of 2nd period - Charlie Coyle wins face-off versus Shane Pinto in Arizona Coyotes zone.
12:57 of 2nd period - Charlie Coyle is hit by Alexandre Carrier.
13:07 of 2nd period - Snap shot by Shane Pinto.
13:07 of 2nd period - Shot Blocked by Mats Zuccarello.
13:09 of 2nd period - Slapshot by Alexandre Carrier.
13:09 of 2nd period - Stopped by Elvis Merzlikins without a rebound.
13:10 of 2nd period - Charlie Coyle wins face-off versus Marco Rossi in Arizona Coyotes zone.
13:21 of 2nd period - Tyler Seguin is hit by J.J. Moser and loses puck.
13:46 of 2nd period - Wrist shot by Anthony Duclair.
13:46 of 2nd period - Shot Misses the Net.
13:48 of 2nd period - Minor Penalty to Radko Gudas for Holding Stick.
13:49 of 2nd period - Marco Rossi wins face-off versus Mats Zuccarello in Arizona Coyotes zone.
13:55 of 2nd period - Off-side.
13:56 of 2nd period - Marco Rossi wins face-off versus Mats Zuccarello in neutral zone.
14:01 of 2nd period - Snap shot by Cole Perfetti.
14:01 of 2nd period - Stopped by Elvis Merzlikins with a rebound.
14:03 of 2nd period - Slapshot by Cole Perfetti.
14:03 of 2nd period - Shot Misses the Net.
14:05 of 2nd period - Slapshot by Michael Anderson.
14:05 of 2nd period - Stopped by Elvis Merzlikins with a rebound.
14:11 of 2nd period - Snap shot by Cole Perfetti.
14:11 of 2nd period - Stopped by Elvis Merzlikins without a rebound.
14:12 of 2nd period - Charlie Coyle wins face-off versus Shane Pinto in Arizona Coyotes zone.
14:51 of 2nd period - Matt Dumba is hit by Marco Rossi and loses puck.
15:02 of 2nd period - Mats Zuccarello is hit by J.J. Moser and loses puck.
15:19 of 2nd period - Slapshot by Anthony Duclair.
15:19 of 2nd period - Stopped by Elvis Merzlikins without a rebound.
15:20 of 2nd period - Shane Pinto wins face-off versus Mason McTavish in Arizona Coyotes zone.
15:21 of 2nd period - Snap shot by Anthony Duclair.
15:21 of 2nd period - Shot Blocked by Matt Dumba.
15:33 of 2nd period - Snap shot by Anthony Duclair.
15:33 of 2nd period - Stopped by Elvis Merzlikins with a rebound.
15:48 of 2nd period - Penalty to Radko Gudas is over, Radko Gudas is back on ice.
15:56 of 2nd period - Wrist shot by Anthony Duclair.
15:56 of 2nd period - Stopped by Elvis Merzlikins without a rebound.
15:57 of 2nd period - Erik Haula wins face-off versus Marco Rossi in Arizona Coyotes zone.
16:10 of 2nd period - Wrist shot by Ondrej Palat.
16:10 of 2nd period - Shot Misses the Net.
16:12 of 2nd period - Slapshot by Erik Haula.
16:12 of 2nd period - Stopped by Joseph Woll with a rebound.
16:22 of 2nd period - J.J. Moser is hit by Radko Gudas and loses puck.
17:37 of 2nd period - Snap shot by Mats Zuccarello.
17:37 of 2nd period - Shot Blocked by Alexandre Carrier.
17:39 of 2nd period - Snap shot by Mats Zuccarello.
17:39 of 2nd period - Shot Misses the Net.
18:11 of 2nd period - Snap shot by Ryan Donato.
18:11 of 2nd period - Shot Misses the Net.
18:29 of 2nd period - Michael McCarron is hit by Jani Hakanpaa and loses puck.
18:49 of 2nd period - Tyler Seguin is hit by Zach Benson and loses puck.
19:52 of 2nd period - Michael Anderson is hit by Nick Seeler and loses puck.
Goals for this period are 2 for Quebec Nordiques vs 0 for Arizona Coyotes.
Shots for this period are 16 for Quebec Nordiques vs 13 for Arizona Coyotes.
3rd period
0:01 of 3rd period - Marco Rossi wins face-off versus Charlie Coyle in neutral zone.
0:58 of 3rd period - Snap shot by Tyler Seguin.
0:58 of 3rd period - Shot Misses the Net.
1:00 of 3rd period - Slapshot by Jared Spurgeon.
1:00 of 3rd period - Stopped by Joseph Woll with a rebound.
1:02 of 3rd period - Snap shot by Tyler Seguin.
1:02 of 3rd period - Stopped by Joseph Woll with a rebound.
1:34 of 3rd period - Snap shot by Tyler Seguin.
1:34 of 3rd period - Stopped by Joseph Woll with a rebound.
1:36 of 3rd period - Slapshot by Radko Gudas.
1:36 of 3rd period - Shot Blocked by J.J. Moser.
1:38 of 3rd period - Slapshot by Radko Gudas.
1:38 of 3rd period - Stopped by Joseph Woll with a rebound.
1:40 of 3rd period - Wrist shot by Jared Spurgeon.
1:40 of 3rd period - Stopped by Joseph Woll with a rebound.
1:42 of 3rd period - Slapshot by Radko Gudas.
1:42 of 3rd period - Shot Blocked by J.J. Moser.
2:08 of 3rd period - Wrist shot by Mats Zuccarello.
2:08 of 3rd period - Shot Misses the Net.
2:10 of 3rd period - Snap shot by Mats Zuccarello.
2:10 of 3rd period - Stopped by Joseph Woll with a rebound.
2:12 of 3rd period - Slapshot by Radko Gudas.
2:12 of 3rd period - Shot Blocked by J.J. Moser.
2:14 of 3rd period - Wrist shot by Tyler Seguin.
2:14 of 3rd period - Deflect By Mats Zuccarello.
2:14 of 3rd period - Stopped by Joseph Woll with a rebound.
2:16 of 3rd period - Slapshot by Radko Gudas.
2:16 of 3rd period - Shot Misses the Net.
2:23 of 3rd period - Slapshot by Mats Zuccarello.
2:23 of 3rd period - Deflect By Charlie Coyle.
2:23 of 3rd period - Shot Misses the Net.
2:23 of 3rd period - Puck is out of play.
2:24 of 3rd period - Mason McTavish wins face-off versus Marco Rossi in Quebec Nordiques zone.
2:37 of 3rd period - Snap shot by Tyler Bertuzzi.
2:37 of 3rd period - Stopped by Joseph Woll with a rebound.
2:39 of 3rd period - Slapshot by Jani Hakanpaa.
2:39 of 3rd period - Stopped by Joseph Woll without a rebound.
2:40 of 3rd period - Erik Haula wins face-off versus Shane Pinto in Quebec Nordiques zone.
2:51 of 3rd period - Slapshot by Anthony Duclair.
2:51 of 3rd period - Stopped by Elvis Merzlikins without a rebound.
2:52 of 3rd period - Marco Rossi wins face-off versus Mason McTavish in Arizona Coyotes zone.
3:01 of 3rd period - Snap shot by Cole Perfetti.
3:01 of 3rd period - Goal by Cole Perfetti - Quebec Nordiques : 4 - Arizona Coyotes : 1.
3:02 of 3rd period - Mason McTavish wins face-off versus Marco Rossi in neutral zone.
3:27 of 3rd period - Jani Hakanpaa is hit by Anthony Duclair and loses puck.
3:54 of 3rd period - Wrist shot by Mike Hoffman.
3:54 of 3rd period - Shot Misses the Net.
4:10 of 3rd period - Wrist shot by Ryan Donato.
4:10 of 3rd period - Shot Misses the Net.
4:19 of 3rd period - Icing by Marc Staal.
4:20 of 3rd period - Luke Kunin wins face-off versus Erik Haula in Quebec Nordiques zone.
4:31 of 3rd period - Slapshot by Marco Rossi.
4:31 of 3rd period - Stopped by Elvis Merzlikins without a rebound.
4:32 of 3rd period - Shane Pinto wins face-off versus Charlie Coyle in Arizona Coyotes zone.
5:02 of 3rd period - Snap shot by Cole Perfetti.
5:02 of 3rd period - Stopped by Elvis Merzlikins without a rebound.
5:03 of 3rd period - Michael McCarron wins face-off versus Mason McTavish in Arizona Coyotes zone.
5:49 of 3rd period - Off-side.
5:50 of 3rd period - Ross Colton wins face-off versus Shane Pinto in neutral zone.
6:15 of 3rd period - Kirby Dach is hit by Charlie Coyle and loses puck.
7:07 of 3rd period - Snap shot by Jonatan Berggren.
7:07 of 3rd period - Stopped by Elvis Merzlikins with a rebound.
7:09 of 3rd period - Slapshot by J.J. Moser.
7:09 of 3rd period - Stopped by Elvis Merzlikins without a rebound.
7:10 of 3rd period - Shane Pinto wins face-off versus Charlie Coyle in Arizona Coyotes zone.
7:36 of 3rd period - Marco Rossi is hit by Ryan Donato and loses puck.
8:16 of 3rd period - Minor Penalty to Matt Dumba for High sticking.
8:17 of 3rd period - Shane Pinto wins face-off versus Tyler Seguin in Arizona Coyotes zone.
10:16 of 3rd period - Penalty to Matt Dumba is over, Matt Dumba is back on ice.
10:24 of 3rd period - Radko Gudas is hit by Jordan Greenway.
10:58 of 3rd period - Snap shot by Tyler Seguin.
10:58 of 3rd period - Shot Misses the Net.
11:00 of 3rd period - Slapshot by Jared Spurgeon.
11:00 of 3rd period - Stopped by Joseph Woll without a rebound.
11:01 of 3rd period - Michael McCarron wins face-off versus Tyler Bertuzzi in Quebec Nordiques zone.
11:08 of 3rd period - Snap shot by Jordan Greenway.
11:08 of 3rd period - Shot Blocked by Nick Seeler.
11:10 of 3rd period - Slapshot by Alexandre Carrier.
11:10 of 3rd period - Stopped by Elvis Merzlikins without a rebound.
11:11 of 3rd period - Mason McTavish wins face-off versus Michael McCarron in Arizona Coyotes zone.
11:11 of 3rd period - Mason McTavish is hit by Jordan Greenway.
11:29 of 3rd period - Wrist shot by Jonatan Berggren.
11:29 of 3rd period - Shot Misses the Net.
11:31 of 3rd period - Backhand shot by Alexandre Carrier.
11:31 of 3rd period - Stopped by Elvis Merzlikins with a rebound.
11:33 of 3rd period - Snap shot by Michael McCarron.
11:33 of 3rd period - Shot Blocked by Nick Seeler.
11:39 of 3rd period - Slapshot by Jonatan Berggren.
11:39 of 3rd period - Shot Misses the Net.
11:41 of 3rd period - Slapshot by Jonas Siegenthaler.
11:41 of 3rd period - Shot Misses the Net.
11:43 of 3rd period - Snap shot by Michael McCarron.
11:43 of 3rd period - Stopped by Elvis Merzlikins without a rebound.
11:44 of 3rd period - Erik Haula wins face-off versus Anthony Mantha in Arizona Coyotes zone.
12:09 of 3rd period - Mark Jankowski is hit by Kirby Dach and loses puck.
13:15 of 3rd period - Slapshot by Jonas Siegenthaler.
13:15 of 3rd period - Shot Blocked by Jani Hakanpaa.
13:17 of 3rd period - Slapshot by Alexandre Carrier.
13:17 of 3rd period - Stopped by Elvis Merzlikins with a rebound.
13:43 of 3rd period - Snap shot by Zach Benson.
13:43 of 3rd period - Stopped by Elvis Merzlikins without a rebound.
13:44 of 3rd period - Charlie Coyle wins face-off versus Anthony Duclair in Arizona Coyotes zone.
14:11 of 3rd period - Ryan Donato is hit by Kirby Dach.
14:48 of 3rd period - Slapshot by Mason McTavish.
14:48 of 3rd period - Stopped by Joseph Woll with a rebound.
14:50 of 3rd period - Slapshot by Radko Gudas.
14:50 of 3rd period - Shot Blocked by Jonatan Berggren.
14:58 of 3rd period - Snap shot by Ryan Donato.
14:58 of 3rd period - Shot Blocked by Marc Staal.
15:00 of 3rd period - Wrist shot by Tyler Bertuzzi.
15:00 of 3rd period - Stopped by Joseph Woll with a rebound.
15:10 of 3rd period - Snap shot by Mason McTavish.
15:10 of 3rd period - Stopped by Joseph Woll without a rebound.
15:11 of 3rd period - Shane Pinto wins face-off versus Charlie Coyle in Quebec Nordiques zone.
15:13 of 3rd period - Minor Penalty to Anthony Mantha for Roughing.
15:14 of 3rd period - Charlie Coyle wins face-off versus Luke Kunin in Quebec Nordiques zone.
15:14 of 3rd period - Wrist shot by Mats Zuccarello.
15:14 of 3rd period - Shot Misses the Net.
15:16 of 3rd period - Snap shot by Mats Zuccarello.
15:16 of 3rd period - Goal by Mats Zuccarello - Quebec Nordiques : 4 - Arizona Coyotes : 2.
15:17 of 3rd period - Michael McCarron wins face-off versus Erik Haula in neutral zone.
15:32 of 3rd period - Wrist shot by Jonatan Berggren.
15:32 of 3rd period - Shot Misses the Net.
16:33 of 3rd period - Cole Perfetti is hit by Jared Spurgeon and loses puck.
16:42 of 3rd period - Jared Spurgeon is hit by Alexandre Carrier and loses puck.
16:49 of 3rd period - Wrist shot by Cole Perfetti.
16:49 of 3rd period - Shot Blocked by Mason McTavish.
16:51 of 3rd period - Snap shot by Marco Rossi.
16:51 of 3rd period - Shot Blocked by Jared Spurgeon.
17:19 of 3rd period - Mason McTavish is hit by Michael Anderson and loses puck.
17:30 of 3rd period - Snap shot by Cole Perfetti.
17:30 of 3rd period - Shot Misses the Net.
17:32 of 3rd period - Slapshot by Jonas Siegenthaler.
17:32 of 3rd period - Stopped by Elvis Merzlikins with a rebound.
17:34 of 3rd period - Slapshot by Jonas Siegenthaler.
17:34 of 3rd period - Stopped by Elvis Merzlikins with a rebound.
17:46 of 3rd period - Slapshot by Ryan Donato.
17:46 of 3rd period - Shot Misses the Net.
18:02 of 3rd period - Slapshot by Ryan Donato.
18:02 of 3rd period - Stopped by Joseph Woll with a rebound.
18:11 of 3rd period - Snap shot by Kirby Dach.
18:11 of 3rd period - Stopped by Elvis Merzlikins without a rebound.
18:12 of 3rd period - Erik Haula wins face-off versus Jonatan Berggren in Arizona Coyotes zone.
18:23 of 3rd period - Jordan Greenway is hit by Ross Colton and loses puck.
Goals for this period are 1 for Quebec Nordiques vs 1 for Arizona Coyotes.
Shots for this period are 14 for Quebec Nordiques vs 15 for Arizona Coyotes.
Back to the Top